 Dungeon Crawl Stone Soup version 0.17.0-28-g6e173f8 (webtiles) character file.

154 Ithica the Chiller (level 5, -1/31 HPs)
             Began as a High Elf Ice Elementalist on Nov 24, 2015.
             Slain by a scorpion (3 damage)
             ... on level 3 of the Dungeon.
             The game lasted 00:17:28 (4030 turns).

Ithica the Chiller (High Elf Ice Elementalist)      Turns: 4030, Time: 00:17:28

Health: -1/31      AC:  2    Str:  7    XL:     5   Next: 13%
Magic:  4/11       EV:  8    Int: 19    God:
Gold:   142        SH:  0    Dex: 16    Spells: 4 memorised, 0 levels left

rFire  . . .     SeeInvis .     (no weapon)
rCold  . . .     Clarity  .     a - +0 robe
rNeg   . . .     SustAt   .     (no shield)
rPois  .         Gourm    .     (no helmet)
rElec  .         Spirit   .     (no cloak)
rCorr  .         Warding  .     (no gloves)
rMut   .         Stasis   .     (no boots)
MR     .....                    (no amulet)
Stlth  ++........               (no ring)
                                (no ring)

@: lethally poisoned (-1 -> -4), very slightly contaminated, not resistant to
hostile enchantments, unstealthy
A: no striking features
a: no special abilities


You were on level 3 of the Dungeon.
You were not hungry.

You visited 1 branch of the dungeon, and saw 4 of its levels.

You collected 142 gold pieces.

Inventory:

Hand Weapons
 g - a +0 club
 m - a +0 dagger
Armour
 a - a +0 robe (worn)
Scrolls
 e - 4 scrolls of identify
 i - a scroll of teleportation {unknown}
 l - a scroll of recharging
 n - 2 scrolls of magic mapping {unknown}
Potions
 d - 2 potions of heal wounds {unknown}
 f - a potion of ambrosia {unknown}
 h - 3 potions of curing {unknown}
 j - 2 potions of lignification {unknown}
 k - a potion of degeneration {unknown}
Books
 b - a book of Frost

   Spells                             Type                      Level
   a - Freeze                         Ice                          1
   b - Throw Frost                    Conjuration/Ice              2
   c - Ozocubu's Armour               Charms/Ice                   3
   d - Throw Icicle                   Conjuration/Ice              4
   e - Summon Ice Beast               Ice/Summoning                4
   f - Condensation Shield            Ice                          4
Comestibles
 c - a beef jerky


   Skills:
 + Level 2.5 Dodging
 + Level 2.8 Stealth
 + Level 3.7 Spellcasting
 + Level 2.0 Conjurations
 * Level 0.3 Summonings
 + Level 4.4 Ice Magic


You couldn't memorise any spells.
You knew the following spells:

 Your Spells              Type           Power        Failure   Level  Hunger
a - Freeze                Ice            ###.         2%          1    None
b - Throw Frost           Conj/Ice       ###...       8%          2    ##.....
c - Summon Ice Beast      Ice/Summ       ##......     63%         4    ####...
d - Throw Icicle          Conj/Ice       ###.....     38%         4    ####...


Dungeon Overview and Level Annotations

Branches:
Dungeon (4/15)
 Temple: D:4-7

Altars:


Message History

* * * LOW HITPOINT WARNING * * *
You climb upwards.
There is a stone staircase leading down here.
As you read the scroll labeled SASUMU AFUED, it crumbles to dust.
It is a scroll of identify.
Identify which item? (\ to view known items) (? for menu, Esc to quit)
l - a scroll of recharging You feel sick.
The scorpion closely misses you.
Casting: Freeze
Confirm with . or Enter, or press ? or * to list all spells.
Aiming: Throw Frost
Press: ? - help, Shift-Dir - straight line, f - scorpion
Aim: a scorpion (moderately wounded)
The puff of frost hits the scorpion.
The scorpion is moderately wounded.
The scorpion stings you.
* * * LOW HITPOINT WARNING * * *
* * * LOW HITPOINT WARNING * * *
You feel sick. The scorpion stings you.
You die...

####.# #.# #..... #....# ##+##
#....^ #.#### ##...## #####.
#.### ##.....## ### #. #.#.##
##.......## ##.###.
######....####.........####...##.
)............'.........'.......#.
######....####.........####)..##.
#.#...####.@.....## ##.###.
#..)...# ##.s...## ### #.
#......# ##...## #####. ##.....#
##'## #..... ##...##
####.#########.###. ##.##
#........##........ #.#
#.##.###.##.##.####
###>#####.#...##.##.##.####
#..............#.##.##.....


You could see a scorpion.

Vanquished Creatures
  A crimson imp (D:3)
  Natasha (D:4)
  2 adders (D:3)
  An ooze (D:1)
  3 worms
  4 giant geckos
  7 orcs (D:3)
  4 giant cockroaches
  6 goblins
  7 hobgoblins
  A ball python (D:2)
  5 bats
  2 giant newts
  4 kobolds
  6 rats
54 creatures vanquished.

Notes
Turn   | Place    | Note
--------------------------------------------------------------
     0 | D:1      | Ithica the High Elf Ice Elementalist began the quest for the Orb.
     0 | D:1      | Reached XP level 1. HP: 11/11 MP: 4/4
   540 | D:1      | Reached XP level 2. HP: 17/17 MP: 4/6
   699 | D:1      | Learned a level 2 spell: Throw Frost
  1875 | D:2      | Reached XP level 3. HP: 21/21 MP: 5/8
  2986 | D:3      | Reached skill level 4 in Ice Magic
  3115 | D:3      | Reached XP level 4. HP: 27/27 MP: 7/10
  3135 | D:3      | Learned a level 4 spell: Summon Ice Beast
  3958 | D:4      | Noticed Natasha
  3962 | D:4      | Killed Natasha
  3962 | D:4      | Reached XP level 5. HP: 31/31 MP: 2/11
  4020 | D:3      | Learned a level 4 spell: Throw Icicle
  4030 | D:3      | Slain by a scorpion

Action                   |  1- 3 |  4- 6 || total
-------------------------+-------+-------++-------
Melee: Unarmed           |     1 |       ||     1
 Cast: Freeze            |    41 |    14 ||    55
       Throw Frost       |    38 |    19 ||    57
  Use: Scroll            |       |     1 ||     1
  Eat: Bread ration      |     1 |       ||     1
       Chunk             |     2 |     1 ||     3
       Fruit             |     2 |       ||     2
       Beef jerky        |       |     2 ||     2
